 Dungeon Crawl Stone Soup version 0.27.1-35-g4d5d836560 (webtiles) character file.

Game seed: 10090475554355540814

1249 Delamore the Covert (level 8, -6/50 HPs)
             Began as an Octopode Brigand on Apr 18, 2022.
             Engulfed by a steam dragon's steam (8 damage)
             ... on level 5 of the Dungeon.
             The game lasted 00:07:29 (6063 turns).

Delamore the Covert (Octopode Brigand)              Turns: 6063, Time: 00:07:29

Health: -6/50      AC:  5    Str: 10    XL:     8   Next: 50%
Magic:  8/8        EV: 10    Int: 13    God:
Gold:   18         SH: 11    Dex: 16    Spells: 7/7 levels left

rFire    . . .     SeeInvis .   r - +2 dagger (elec)
rCold    . . .     Faith    .   k - +2 kite shield
rNeg     + . .     Spirit   .   (helmet restricted)
rPois    .         Reflect  .   (no amulet)
rElec    .         Harm     .   u - +4 ring of protection
rCorr    .         Rampage  .   v - ring of positive energy
Will     .....                  (no ring)
Stlth    +++++.....             (no ring)
HPRegen  0.16/turn              (no ring)
MPRegen  0.11/turn              (no ring)
                                (no ring)
                                (no ring)

@: brilliant
A: almost no armour, amphibious, 8 rings, camouflage 1, gelatinous body 1,
(nimble swimmer 1), tentacles
a: no special abilities


You were on level 5 of the Dungeon.
You visited 1 branch of the dungeon, and saw 5 of its levels.

You collected 172 gold pieces.
You spent 154 gold pieces at shops.

Inventory:

Hand Weapons
 a - a +2 dagger
 g - a +0 dagger of venom
 r - a +2 dagger of electrocution (weapon)
Missiles
 b - 20 poisoned darts (quivered)
 c - 2 curare-tipped darts
 o - 4 boomerangs
Armour
 k - a +2 kite shield (worn)
Jewellery
 u - a +4 ring of protection (left tentacle)
 v - a ring of positive energy (right tentacle)
Wands
 n - a wand of iceblast (11)
Scrolls
 d - a scroll of amnesia
 f - 2 scrolls of immolation
 h - a scroll of magic mapping
 i - a scroll of noise {unknown}
 j - a scroll of enchant weapon
 p - a scroll of enchant armour
 q - a scroll of blinking {unknown}
Potions
 e - 2 potions of might
 l - 3 potions of haste
 m - a potion of brilliance
 s - a potion of attraction {unknown}
 t - a potion of magic


   Skills:
 - Level 2.0 Fighting
 * Level 7.4 Short Blades
 - Level 2.0 Throwing
 - Level 1.0 Dodging
 + Level 8.9 Stealth
 + Level 4.5 Shields


You had 7 spell levels left.
You didn't know any spells.
Your spell library was empty.

Dungeon Overview and Level Annotations

Branches:
Dungeon (5/15)
 Temple: D:4-7

Altars:
Vehumet
The Shining One

Shops:
D:2 *   D:3 *


Innate Abilities, Weirdness & Mutations

You cannot wear most types of armour.
You are amphibious.
You can wear up to eight rings at the same time.
Your skin changes colour to match your surroundings (Stealth+).
Your rubbery body absorbs attacks. (AC +1, EV +1)
((You are camouflaged near water. (Stealth+)))
You have tentacles for arms and can constrict up to eight enemies at once.


Message History

You are engulfed in a cloud of scalding steam.
You block the bullfrog zombie's attack. The steam dragon barely misses you.
The steam dragon claws you.
You hit the steam dragon but do no damage.
The steam dragon is lightly wounded.
You are engulfed in a cloud of scalding steam.
The bullfrog zombie hits you but does no damage.
The steam dragon barely misses you. The steam dragon closely misses you.
The bullfrog zombie hits you.
You hit the steam dragon.
The steam dragon is moderately wounded.
You are engulfed in a cloud of scalding steam.
You block the bullfrog zombie's attack. You block the steam dragon's attack.
The steam dragon barely misses you.
You hit the steam dragon.
The steam dragon is moderately wounded.
You are engulfed in a cloud of scalding steam.
The bullfrog zombie hits you. You block the steam dragon's attack. x2
You barely miss the steam dragon.
You squeeze the steam dragon, but do no damage.
The steam dragon is moderately wounded.
The bullfrog zombie completely misses you.
You closely miss the steam dragon.
The steam dragon is moderately wounded.
The steam dragon breathes steam at you. The ball of steam misses you.
The bullfrog zombie hits you but does no damage.
You closely miss the steam dragon.
You squeeze the steam dragon, but do no damage.
The steam dragon is moderately wounded.
You are engulfed in a cloud of scalding steam.
* * * LOW HITPOINT WARNING * * *
The steam dragon bites you.
* * * LOW HITPOINT WARNING * * *
You block the steam dragon's attack. The bullfrog zombie hits you.
* * * LOW HITPOINT WARNING * * *
It was a potion of brilliance.
You feel clever all of a sudden.
You are engulfed in a cloud of scalding steam.
You die...

. ....... ....... .......
####........
#@Z...........#
#D##..........# #.#
#..##§.......# #..
####...§...Z...## #..
#....#.§........#
#..##..##.#..((......#
#####..... #.#..........#
......#..##
#.#...<......#
##..#....###.#.(........#


You could see a steam dragon and a bullfrog zombie.

Vanquished Creatures
  Sigmund (D:4)
  A wraith (D:5)
  A black bear (D:4)
  A necrophage (D:4)
  A centaur (D:5)
  2 scorpions (D:5)
  A water moccasin skeleton (D:4)
  A bullfrog zombie (D:5)
  A bullfrog skeleton (D:5)
  3 orc priests (D:3)
  A centaur skeleton (D:4)
  Ijyb (D:4)
  2 orc wizards
  A hound skeleton (D:4)
  Robin (D:2)
  13 adders
  A white imp (D:5)
  An ufetubus (D:3)
  An adder skeleton (D:4)
  A dart slug (D:1)
  2 worms
  9 orcs
  6 bats
  7 endoplasms
  4 giant cockroaches
  16 goblins
  15 hobgoblins
  5 jackals
  14 ball pythons
  3 frilled lizards
  5 kobolds
  6 rats
128 creatures vanquished.

Vanquished Creatures (others)
  7 plants
7 creatures vanquished.

Grand Total: 135 creatures vanquished

Notes
Turn   | Place    | Note
-------+----------+-------------------------------------------
     0 | D:1      | Delamore the Octopode Brigand began the quest for the Orb.
     0 | D:1      | Reached XP level 1. HP: 14/14 MP: 1/1
    55 | D:1      | Reached XP level 2. HP: 16/19 MP: 2/2
   546 | D:1      | Reached XP level 3. HP: 24/24 MP: 3/3
  1061 | D:2      | Found Efixeism's Assorted Antiques.
  1149 | D:2      | Reached skill level 6 in Stealth
  1149 | D:2      | Reached XP level 4. HP: 29/29 MP: 4/4
  1164 | D:2      | Reached skill level 1 in Shields
  1548 | D:2      | Noticed Robin
  1574 | D:3      | Reached XP level 5. HP: 33/34 MP: 5/5
  2097 | D:2      | Killed Robin
  2902 | D:3      | Reached XP level 6. HP: 35/39 MP: 6/6
  3035 | D:3      | Found Hyffacha's General Store.
  3044 | D:3      | Bought a scroll of identify for 24 gold pieces
  3091 | D:3      | Reached skill level 5 in Short Blades
  3092 | D:3      | Reached skill level 7 in Stealth
  3520 | D:3      | Found a faded altar of an unknown god.
  3873 | D:4      | Noticed a black bear
  3883 | D:4      | Killed a black bear
  4037 | D:4      | Reached XP level 7. HP: 36/45 MP: 7/7
  4170 | D:4      | Noticed Ijyb
  4173 | D:4      | Killed Ijyb
  4429 | D:4      | Noticed Sigmund
  4443 | D:4      | Killed Sigmund
  4670 | D:4      | Reached skill level 8 in Stealth
  5050 | D:2      | Bought a moonstone ring for 130 gold pieces
  5104 | D:5      | Entered Level 5 of the Dungeon
  5119 | D:5      | Found a radiant altar of Vehumet.
  5136 | D:5      | Reached XP level 8. HP: 45/50 MP: 8/8
  5702 | D:5      | Noticed a wraith
  5705 | D:5      | Killed a wraith
  5736 | D:5      | Found a glowing golden altar of the Shining One.
  6062 | D:5      | HP: 2/50 [bullfrog zombie (6)]
  6063 | D:5      | Engulfed by a steam dragon's steam

Illustrated notes

Levels and vault maps discovered:
D:1:      minmay_arrival_stair_chambers, layout_loops_ring, minmay_domino_4
D:2:      layout_basic, serial_shops, nicolae_shop_competitors_out_of_business,
          chequers_serial_rivers_room_a, corexii_shack, minmay_snake_closets,
          uniq_robin
D:3:      layout_loops_ring, hellmonk_ecumenical_altar_pennies_from_heaven,
          serial_shops, nicolae_shop_competitors_out_of_business,
          grunt_decor_one_mirror
D:4:      layout_loops_corners, guppyfry_early_lair_pool, uniq_sigmund,
          uniq_ijyb
D:5:      layout_rooms, nicolae_tso_swordbearing_angel,
          nicolae_vehumet_altar_sigil, mainiacjoe_overflow_alcove_2

Skill      XL: |  1  2  3  4  5  6  7  8 |
---------------+-------------------------+-----
Short Blades   | 3 4 5 6 7 |  7.4
Stealth        | 6 7 8 |  8.9
Shields        | 1 2 3 4 |  4.5
Fighting       | |  2.0
Throwing       | |  2.0
Dodging        | |  1.0

Action                   |  1- 3 |  4- 6 |  7- 9 || total
-------------------------+-------+-------+-------++-------
Melee: Dagger            |    56 |   148 |    56 ||   260
       Constrict         |    15 |    35 |    11 ||    61
       Tentacles         |    13 |    18 |    13 ||    44
Throw: Dart              |       |    16 |     6 ||    22
Evoke: Wand              |       |     2 |       ||     2
  Use: Scroll            |       |     7 |     1 ||     8
       Potion            |       |     3 |     1 ||     4
 Stab: Sleeping          |    12 |    17 |    10 ||    39
       Distracted        |       |     1 |       ||     1
Armor: Skin              |     2 |    12 |     8 ||    22
Dodge: Dodged            |    18 |    61 |    19 ||    98
Block: Kite shield       |     5 |    65 |    32 ||   102
